 Dungeon Crawl Stone Soup version 0.19.0-19-g8c6edcc (webtiles) character file.

2668 toast the Cleaver (level 9, 0/78 HPs)
             Began as a Minotaur Fighter on Nov 15, 2016.
             Was a Priest of Qazlal.
             Slain by danielguo94's ghost (4 damage)
             ... on level 7 of the Dungeon.
             The game lasted 00:14:40 (5169 turns).

toast the Cleaver (Minotaur Fighter)                Turns: 5169, Time: 00:14:41

Health: 0/78       AC: 16    Str: 24    XL:     9   Next: 37%
Magic:  10/11      EV:  5    Int:  5    God:    Qazlal [***...]
Gold:   366        SH: 15    Dex: 10    Spells: 0 memorised, 8 levels left

rFire  . . .     SeeInvis .     a - +0 war axe
rCold  . . .     Gourm    .     D - +0 plate armour
rNeg   . . .     Faith    .     c - +1 shield
rPois  .         Spirit   .     (helmet restricted)
rElec  .         Reflect  .     (no cloak)
rCorr  .         Harm     .     j - +0 pair of gloves
MR     .....                    (no boots)
Stlth  ..........               (no amulet)
                                g - +2 ring of protection
                                e - ring of wizardry

@: no status effects
A: retaliatory headbutt, horns 2
a: Upheaval, Elemental Force, Renounce Religion


You were on level 7 of the Dungeon.
You worshipped Qazlal.
Qazlal was most pleased with you.
You were not hungry.

You visited 1 branch of the dungeon, and saw 7 of its levels.

You collected 366 gold pieces.

Inventory:

Hand Weapons
 a - a +0 war axe (weapon)
Armour
 c - a +1 shield (worn)
 j - a +0 pair of gloves (worn)
 D - a +0 plate armour (worn)
Jewellery
 e - a ring of wizardry (left hand)
 g - a +2 ring of protection (right hand)
Scrolls
 l - 2 scrolls of fog
 m - 2 scrolls of amnesia
 n - a scroll of recharging
 r - 2 scrolls of fear
 v - a scroll of identify
 x - a scroll of teleportation
 y - a scroll of enchant armour
Potions
 d - a potion of might
 i - 2 potions of degeneration
 k - 3 potions of curing
 o - a potion of cancellation {unknown}
 s - a potion of heal wounds {unknown}
 u - a potion of flight {unknown}
 z - a potion of cure mutation {unknown}
Books
 q - a book of Cantrips

   Spells                             Type                      Level
   a - Confusing Touch                Hexes                        1
   b - Animate Skeleton               Necromancy                   1
   c - Summon Small Mammal            Summoning                    1
   d - Apportation                    Translocation                1
Comestibles
 f - 8 bread rations
 h - 3 meat rations
 p - 7 beef jerkies
 A - a royal jelly
 B - 8 chunks of flesh
 C - a slice of pizza


   Skills:
 + Level 6.8 Fighting
 * Level 9.5 Axes
 + Level 7.1 Armour
 + Level 7.6 Shields
 + Level 4.8 Invocations


You had 8 spell levels left.
You didn't know any spells.

Dungeon Overview and Level Annotations

Branches:
Dungeon (7/15)             Temple (0/1) D:4

Altars:
Ashenzari
Elyvilon
Hepliaklqana
Kikubaaqudgha
Makhleb
Qazlal
Ru
Sif Muna
Uskayaw
Yredelemnul
Zin

Annotations:
D:7 danielguo94's ghost, novice GrFi


Innate Abilities, Weirdness & Mutations

You reflexively headbutt those who attack you in melee.
You have a pair of horns on your head.


Message History

Danielguo94's ghost hits you but does no damage.
Your shield and plate armour prevent you from hitting danielguo94's ghost.
You headbutt danielguo94's ghost, but do no damage.
Danielguo94's ghost is severely damaged.
Danielguo94's ghost is no longer encased in ice.
Danielguo94's ghost hits you!
* * * LOW HITPOINT WARNING * * *
You hit danielguo94's ghost but do no damage.
Your headbutt misses danielguo94's ghost.
Danielguo94's ghost is severely damaged.
You block danielguo94's ghost's attack.
Your shield and plate armour prevent you from hitting danielguo94's ghost.
Danielguo94's ghost is severely damaged.
Danielguo94's ghost hits you.
* * * LOW HITPOINT WARNING * * *
Danielguo94's ghost hits you but does no damage.
You slash danielguo94's ghost!
Danielguo94's ghost is almost destroyed.
Danielguo94's ghost hits you.
You die...

..# #.#
#.################
#....[............ ..
#.#####)....######
#...###.#####/###.######
#.............# #.......
#..####ยง#####.###.######
#......@# #.....#
...####W# ####### ..#
####


You could see danielguo94's ghost.

Vanquished Creatures
  The ghost of Cherybdis the Shield-Bearer, a novice FoFi of Zin (D:6)
  Eustachio (D:5)
  Menkaure (D:4)
  3 orc warriors (D:7)
  An ice beast (D:5)
  A phantom (D:7)
  3 ogres (D:7)
  A centaur (D:5)
  A bullfrog (D:7)
  A water moccasin skeleton (D:6)
  A scorpion (D:7)
  4 howler monkeys
  A crimson imp (D:6)
  A hound (D:4)
  2 jellies (D:5)
  4 orc priests
  2 bullfrog skeletons
  5 orc wizards
  2 iguanas
  9 adders
  5 gnolls
  A howler monkey skeleton (D:5)
  3 oozes
  2 worms
  2 dart slugs
  5 leopard geckos
  26 orcs
  5 giant cockroaches
  7 goblins
  7 hobgoblins
  8 jackals
  7 kobolds
  4 quokkas
  A ball python skeleton (D:5)
  9 bats
  3 frilled lizards
  10 rats
150 creatures vanquished.

Vanquished Creatures (others)
  A quokka (D:6)
1 creature vanquished.

Grand Total: 151 creatures vanquished

Notes
Turn   | Place    | Note
-------+----------+-------------------------------------------
     0 | D:1      | toast the Minotaur Fighter began the quest for the Orb.
     0 | D:1      | Reached XP level 1. HP: 19/19 MP: 0/0
    39 | D:1      | Reached XP level 2. HP: 27/27 MP: 1/1
   118 | D:1      | Reached skill level 3 in Axes
   440 | D:1      | Reached XP level 3. HP: 33/33 MP: 2/2
  1022 | D:2      | Reached skill level 4 in Axes
  1070 | D:2      | Found a deep blue altar of Sif Muna.
  1217 | D:2      | Reached XP level 4. HP: 35/40 MP: 3/3
  1530 | D:3      | Found a faded altar of an unknown god.
  1535 | D:3      | Became a worshipper of Qazlal Stormbringer
  1535 | D:3      | Reached * piety under Qazlal
  1599 | D:3      | Reached XP level 5. HP: 29/46 MP: 4/4
  1742 | D:3      | Found a stormy altar of Qazlal.
  1751 | D:3      | Found a basalt altar of Yredelemnul.
  1754 | D:3      | Found a sacrificial altar of Ru.
  1757 | D:3      | Found a hazy altar of Hepliaklqana.
  1907 | D:4      | Reached skill level 5 in Shields
  1914 | D:4      | Reached skill level 5 in Axes
  2016 | D:4      | Found a staircase to the Ecumenical Temple.
  2018 | D:4      | Found a burning altar of Makhleb.
  2025 | D:4      | Reached ** piety under Qazlal
  2046 | D:4      | Noticed an Executioner
  2047 | D:4      | Found a glowing silver altar of Zin.
  2048 | D:4      | Noticed an angel
  2217 | D:4      | Reached skill level 1 in Invocations
  2217 | D:4      | Reached XP level 6. HP: 25/52 MP: 5/5
  2877 | D:4      | Reached skill level 5 in Armour
  2893 | D:4      | Noticed Menkaure
  2897 | D:4      | Killed Menkaure
  2897 | D:4      | Reached skill level 6 in Axes
  2897 | D:4      | Reached XP level 7. HP: 51/60 MP: 7/7
  2919 | D:4      | Found a shattered altar of Ashenzari.
  3037 | D:5      | Entered Level 5 of the Dungeon
  3126 | D:5      | Found a hide-covered altar of Uskayaw.
  3241 | D:5      | Noticed Eustachio
  3259 | D:5      | Killed Eustachio
  3259 | D:5      | Reached skill level 5 in Fighting
  3337 | D:5      | Found an ancient bone altar of Kikubaaqudgha.
  3586 | D:5      | Reached skill level 7 in Axes
  4003 | D:6      | Reached XP level 8. HP: 67/68 MP: 9/9
  4217 | D:6      | Found a white marble altar of Elyvilon.
  4256 | D:6      | Noticed Cherybdis's ghost (novice FoFi)
  4265 | D:6      | Killed Cherybdis's ghost
  4265 | D:6      | Reached skill level 8 in Axes
  4806 | D:7      | Reached XP level 9. HP: 78/78 MP: 11/11
  4919 | D:7      | Reached skill level 9 in Axes
  5087 | D:7      | Reached *** piety under Qazlal
  5144 | D:7      | Noticed danielguo94's ghost (novice GrFi)
  5169 | D:7      | Slain by danielguo94's ghost

Skill      XL: |  1  2  3  4  5  6  7  8  9 |
---------------+----------------------------+-----
Axes           | 3 4 5 6 7 8 9 |  9.5
Armour         | 4 5 6 7 |  7.1
Shields        | 4 5 6 7 |  7.6
Fighting       | 4 5 6 |  6.8
Invocations    | 1 2 4 |  4.8

Action                   |  1- 3 |  4- 6 |  7- 9 || total
-------------------------+-------+-------+-------++-------
Melee: War axe           |    86 |   166 |   193 ||   445
       Headbutt          |    10 |    21 |    53 ||    84
Invok: Upheaval          |       |       |     3 ||     3
  Use: Scroll            |       |    10 |     2 ||    12
       Potion            |       |     2 |       ||     2
  Eat: Chunk             |     1 |     6 |     7 ||    14
Armor: Scale mail        |    45 |    66 |    53 ||   164
       Plate armour      |       |       |     7 ||     7
Dodge: Dodged            |    20 |    48 |    42 ||   110
Block: Shield            |    44 |    94 |   131 ||   269
